 Dungeon Crawl Stone Soup version 0.23.2-33-g5129a83184 (webtiles) character file.

Game seed: 5085473755323628670

1032 Felnil the Fighter (level 8, 0/72 HPs)
             Began as a Mummy Fighter on Aug 8, 2019.
             Was an Initiate of Qazlal.
             Slain by a slave (3 damage)
             ... led by Pikel
             ... on level 5 of the Dungeon.
             The game lasted 00:14:30 (5392 turns).

Felnil the Fighter (Mummy Fighter)                  Turns: 5392, Time: 00:14:33

Health: 0/72       AC:  6    Str: 21    XL:     8   Next: 3%
Magic:  8/8        EV:  7    Int:  7    God:    Qazlal [......]
Gold:   3          SH:  9    Dex: 12    Spells: 7/7 levels left

rFire    x x .     SeeInvis .   a - +1 war axe
rCold    + + .     Gourm    .   c - +0 shield
rNeg     + + +     Faith    .   b - +0 scale mail
rPois    ∞         Spirit   .   (no helmet)
rElec    .         Reflect  .   (no cloak)
rCorr    .         Harm     .   (no gloves)
MR       +....                  (no boots)
Stlth    ..........             (no amulet)
HPRegen  0.22/turn              i - ring of ice
MPRegen  0.11/turn              (no ring)

@: very slightly contaminated
A: no food or potions, fire vulnerability, cold resistance 1, negative energy
resistance 3, torment resistance, unbreathing
a: Renounce Religion


You were on level 5 of the Dungeon.
You worshipped Qazlal.
Qazlal was noncommittal.
You were not hungry.

You visited 2 branches of the dungeon, and saw 6 of its levels.

You collected 223 gold pieces.
You spent 220 gold pieces at shops.

Inventory:

Hand Weapons
 a - a +1 war axe (weapon)
Armour
 b - a +0 scale mail (worn)
 c - a +0 shield (worn)
Jewellery
 i - a ring of ice (left hand)
Wands
 e - a wand of random effects (21)
Scrolls
 d - 5 scrolls of remove curse
 f - a scroll of amnesia
 g - a scroll of identify
 h - 3 scrolls of enchant weapon
 j - a scroll of fog {unknown}
Miscellaneous
 l - a box of beasts


   Skills:
 + Level 9.8 Fighting
 - Level 1.5 Axes
 - Level 2.4 Armour
 - Level 2.4 Shields


You had 7 spell levels left.
You didn't know any spells.
Your spell library contained the following spells:

 Spells                   Type           Power        Failure   Level  Hunger
 Freeze                   Ice            #...         100%        1    N/A
 Throw Frost              Conj/Ice       #.....       100%        2    N/A
 Ozocubu's Armour         Chrm/Ice       #.......     100%        3    N/A
 Summon Ice Beast         Ice/Summ       #.......     100%        4    N/A
 Throw Icicle             Conj/Ice       #.......     100%        4    N/A

Dungeon Overview and Level Annotations

Branches:
Dungeon (5/15)             Temple (1/1) D:4

Altars:
Ashenzari
Dithmenos
Fedhas
Hepliaklqana
Kikubaaqudgha
Qazlal
Ru
Uskayaw
Vehumet
Wu Jian
Xom
Yredelemnul
Zin

Shops:
D:5 }

Annotations:
D:5 Menkaure, Pikel


Innate Abilities, Weirdness & Mutations

You do not eat or drink.
Your flesh is vulnerable to fire.
You are immune to poison.
Your flesh is cold resistant. (rC+)
You are immune to negative energy. (rN+++)
You are immune to unholy pain and torment.
You can survive without breathing.


Message History

Pikel is heavily wounded.
You hit Menkaure.
Menkaure mumbles some strange words.
Menkaure seems to speed up.
Pikel barely misses you. Menkaure closely misses you.
You completely miss Pikel.
Pikel is heavily wounded.
You hit Menkaure. You block Pikel's attack. Menkaure hits you!!
* * * LOW HITPOINT WARNING * * *
You block Pikel's attack.
Blink to where?
Press: ? - help, Dir - move target cursor You are very lightly contaminated with residual magic.
As you read the scroll of blinking, it crumbles to dust.
An orc comes into view. It is wielding a +0 morningstar.
The orc shouts!
The slave hits you.
* * * LOW HITPOINT WARNING * * *
The slave hits you.
You die...

........##### .##
#.......
.#...#......# #.#
####.#..
##.##..###.####.#
#.#..
#....(#.....o#.# #
#.##.
####..#.#.##.#.#
#.. #.#..
#..#.#.##M#.. ..
#.. ♣ ....
..##K#o##.#.# ... ♣
#####.####pppp....#
.. . #. ###@.....#
. # ####.### .


You could see Pikel, 4 slaves, Menkaure and an orc.

Vanquished Creatures
  Grinder (D:3)
  Sigmund (D:2)
  A sky beast (D:4)
  A phantom (D:4)
  A howler monkey (D:5)
  A crimson imp (D:5)
  3 hounds
  2 orc priests
  An iguana (D:4)
  2 orc wizards
  A worker ant (D:4)
  A hound skeleton (D:4)
  11 adders
  3 worms (D:2)
  A leopard gecko (D:5)
  7 orcs
  6 bats
  7 giant cockroaches
  6 goblins
  9 hobgoblins
  3 jackals (D:1)
  5 kobolds
  5 frilled lizards
  A jackal zombie (D:5)
  A leopard gecko skeleton (D:5)
  A leopard gecko zombie (D:5)
  7 rats
89 creatures vanquished.

Notes
Turn   | Place    | Note
-------+----------+-------------------------------------------
     0 | D:1      | Felnil the Mummy Fighter began the quest for the Orb.
     0 | D:1      | Reached XP level 1. HP: 18/18 MP: 1/1
   157 | D:1      | Reached XP level 2. HP: 24/24 MP: 2/2
   827 | D:1      | Reached skill level 4 in Fighting
  1035 | D:2      | Reached XP level 3. HP: 27/31 MP: 3/3
  1075 | D:2      | Found an ancient bone altar of Kikubaaqudgha.
  1619 | D:2      | Noticed Sigmund
  1629 | D:2      | Killed Sigmund
  1629 | D:2      | Reached skill level 6 in Fighting
  1629 | D:2      | Reached XP level 4. HP: 38/40 MP: 4/4
  1629 | D:2      | Reached XP level 5. HP: 43/46 MP: 5/5
  1726 | D:2      | Found a shadowy altar of Dithmenos.
  1954 | D:2      | HP: 1/47 [hornet zombie (6)]
  2300 | D:3      | Noticed Grinder
  2301 | D:3      | Paralysed by Grinder for 3 turns
  2326 | D:3      | Paralysed by Grinder for 3 turns
  2329 | D:3      | Killed Grinder
  2329 | D:3      | Reached skill level 7 in Fighting
  2329 | D:3      | Reached XP level 6. HP: 38/55 MP: 6/6
  2510 | D:3      | Found a blossoming altar of Fedhas.
  3501 | D:3      | Reached skill level 8 in Fighting
  3501 | D:3      | Reached XP level 7. HP: 51/62 MP: 7/7
  4026 | D:4      | Found a staircase to the Ecumenical Temple.
  4038 | Temple   | Entered the Ecumenical Temple
  4192 | Temple   | Became a worshipper of Qazlal Stormbringer
  4294 | D:4      | Reached skill level 9 in Fighting
  4662 | D:5      | Entered Level 5 of the Dungeon
  5324 | D:5      | Found Amophid's Gadget Shoppe.
  5335 | D:5      | Bought a box of beasts for 220 gold pieces
  5373 | D:5      | Noticed Pikel
  5382 | D:5      | Reached XP level 8. HP: 53/72 MP: 8/8
  5386 | D:5      | Noticed Menkaure
  5392 | D:5      | HP: 3/72 [slave[Pikel] (1)]
  5392 | D:5      | Slain by a slave

Skill      XL: |  1  2  3  4  5  6  7 |
---------------+----------------------+-----
Fighting       | 4 6 7 8 9 |  9.8
Axes           | |  1.5
Armour         | |  2.4
Shields        | |  2.4

Action                   |  1- 3 |  4- 6 |  7- 9 || total
-------------------------+-------+-------+-------++-------
Melee: War axe           |   113 |   106 |   151 ||   370
  Use: Scroll            |     4 |     4 |     2 ||    10
Armor: Scale mail        |    32 |    37 |    62 ||   131
Dodge: Dodged            |    31 |    38 |    52 ||   121
Block: Shield            |    64 |    44 |    73 ||   181
